General information
- name: BNet
- type: Ladder team game (AT/RT)
- host: Battle.net
- saver: FromOutONowhere
map: Cherryville
- players: 8
- length: 45:10
- speed: Fast
- version: 1.26 W3XP
- replay type: Public
» download(238 KB)
Players
team 1 (loser)

»
disowner (
blue | 24 APM | 656 actions | 27:17)
3 Shadow Hunter
2 Healing Wave
1 Serpent Ward
» actions
| Assign group hotkey | 5 | |
| Basic commands | 1 | |
| Build / train | 48 | |
| Enter build submenu | 21 | |
| Enter hero's abilities submenu | 3 | |
| Remove unit from queue | 2 | |
| Right click | 278 | |
| Select / deselect | 258 | |
| Select group hotkey | 9 | |
| Use ability | 31 | |
656 total
» units
| Peon | 22 | |
| Troll Headhunter/Berserker | 17 | |
39 total
» upgrades
» buildings
| Orc Burrow | 9 | |
| Altar of Storms | 2 | |
| Barracks | 5 | |
| War Mill | 2 | |
| Voodoo Lounge | 1 | |
| Stronghold | 1 | |
| Great Hall | 1 | |
21 total
» build order
00:18 Orc Burrow
00:21 Altar of Storms
01:13 Barracks
01:20 Orc Burrow
02:16 War Mill
02:43 Orc Burrow
03:01 Orc Burrow
03:43 Barracks
04:16 Orc Burrow
06:19 Voodoo Lounge
07:04 Stronghold
14:29 Great Hall
18:12 Orc Burrow
19:25 Altar of Storms
20:52 War Mill
21:58 Barracks
22:00 Barracks
22:48 Barracks
22:51 Orc Burrow
23:49 Orc Burrow
23:58 Orc Burrow

»
Gunba (
teal | 28 APM | 1089 actions | 39:00)
9 Demon Hunter
3 Immolation
2 Evasion
3 Mana Burn
1 Metamorphosis
» actions
| Assign group hotkey | 1 | |
| Basic commands | 166 | |
| Build / train | 105 | |
| ESC pressed | 17 | |
| Enter build submenu | 33 | |
| Enter hero's abilities submenu | 9 | |
| Give item / drop item | 2 | |
| Remove unit from queue | 2 | |
| Right click | 245 | |
| Select / deselect | 329 | |
| Select group hotkey | 112 | |
| Use ability | 68 | |
1089 total
» units
| Wisp | 32 | |
| Archer | 4 | |
| Goblin Shredder | 1 | |
| Hippogryph | 15 | |
| Chimaera | 13 | |
| Druid of the Talon | 7 | |
| Dryad | 7 | |
79 total
» upgrades
| Strength of the Wild | 3 | |
| Reinforced Hides | 3 | |
| Corrosive Breath | 1 | |
| Druid of the Talon Training | 1 | |
| Abolish Magic | 1 | |
9 total
» buildings
| Altar of Elders | 2 | |
| Moon Well | 8 | |
| Ancient of War | 2 | |
| Tree of Ages | 1 | |
| Hunter's Hall | 2 | |
| Tree of Life | 4 | |
| Ancient Protector | 7 | |
| Tree of Eternity | 1 | |
| Ancient of Wind | 1 | |
| Chimaera Roost | 3 | |
| Ancient of Wonders | 1 | |
| Ancient of Lore | 2 | |
34 total
» build order
00:07 Altar of Elders
00:09 Moon Well
01:04 Moon Well
01:16 Ancient of War
02:24 Tree of Ages
03:13 Moon Well
03:40 Hunter's Hall
03:45 Hunter's Hall
04:56 Tree of Life
05:42 Ancient Protector
05:46 Tree of Eternity
05:55 Ancient Protector
07:04 Ancient of Wind
07:26 Ancient Protector
08:33 Chimaera Roost
08:38 Chimaera Roost
09:23 Ancient of Wonders
10:11 Chimaera Roost
10:14 Moon Well
11:42 Moon Well
12:19 Moon Well
16:32 Moon Well
16:35 Moon Well
18:52 Tree of Life
21:47 Tree of Life
28:19 Ancient Protector
28:20 Ancient Protector
28:22 Ancient Protector
28:23 Ancient Protector
28:48 Ancient of Lore
28:51 Ancient of Lore
34:03 Tree of Life
34:06 Altar of Elders
34:10 Ancient of War
» items
| Scroll of Town Portal | 2 | |
| Orb of Venom | 1 | |
3 total
iNoSpeak (
yellow | 55 APM | 2111 actions | 38:17)
9 Archmage
3 Blizzard
3 Brilliance Aura
1 Mass Teleport
2 Summon Water Elemental
» actions
| Assign group hotkey | 3 | |
| Basic commands | 6 | |
| Build / train | 86 | |
| Enter build submenu | 28 | |
| Enter hero's abilities submenu | 9 | |
| Right click | 1208 | |
| Select / deselect | 653 | |
| Select group hotkey | 6 | |
| Use ability | 112 | |
2111 total
» units
| Peasant | 11 | |
| Spell Breaker | 19 | |
| Siege Engine | 8 | |
38 total
» upgrades
| Masonry | 1 | |
| Lumber Harvesting | 1 | |
| Plating | 3 | |
| Swords | 2 | |
| Barrage | 1 | |
| Gunpowder | 1 | |
9 total
» buildings
| Altar of Kings | 1 | |
| Farm | 8 | |
| Scout Tower | 5 | |
| Lumber Mill | 2 | |
| Arcane Tower | 4 | |
| Keep | 1 | |
| Arcane Vault | 1 | |
| Guard Tower | 2 | |
| Arcane Sanctum | 2 | |
| Blacksmith | 1 | |
| Workshop | 3 | |
| Castle | 1 | |
| Town Hall | 1 | |
32 total
» build order
00:10 Altar of Kings
00:17 Farm
00:44 Scout Tower
01:04 Lumber Mill
01:16 Arcane Tower
02:24 Keep
02:33 Scout Tower
02:56 Arcane Vault
03:03 Guard Tower
03:43 Farm
03:57 Farm
04:04 Lumber Mill
04:15 Farm
04:57 Arcane Sanctum
05:18 Arcane Sanctum
05:56 Blacksmith
06:09 Farm
06:42 Farm
07:31 Scout Tower
09:21 Scout Tower
09:39 Guard Tower
09:54 Arcane Tower
10:02 Scout Tower
10:32 Arcane Tower
11:49 Arcane Tower
16:02 Farm
21:28 Workshop
22:27 Workshop
23:36 Castle
24:55 Town Hall
25:22 Workshop
26:55 Farm
» items
| Scroll of Regeneration | 8 | |
| Lesser Clarity Potion | 1 | |
| Potion of Healing | 5 | |
| Periapt of Vitality | 2 | |
| Ivory Tower | 1 | |
| Scroll of Town Portal | 1 | |
18 total
meharr2 (
orange | 18 APM | 794 actions | 45:08)
6 Blademaster
3 Critical Strike
2 Wind Walk
1 Bladestorm
4 Tauren Chieftain
2 Endurance Aura
2 War Stomp
1 Shadow Hunter
1 Serpent Ward
» actions
| Build / train | 119 | |
| Enter build submenu | 29 | |
| Enter hero's abilities submenu | 11 | |
| Give item / drop item | 1 | |
| Right click | 199 | |
| Select / deselect | 348 | |
| Use ability | 87 | |
794 total
» units
| Peon | 12 | |
| Grunt | 21 | |
| Troll Headhunter/Berserker | 2 | |
| Wind Rider | 10 | |
| Troll Batrider | 4 | |
| Huntress | 6 | |
| Archer | 18 | |
| Dryad | 1 | |
74 total
» upgrades
| Armor | 3 | |
| Melee Weapons | 2 | |
| Berserker Strength | 2 | |
| Reinforced Defenses | 1 | |
| Ranged Weapons | 3 | |
| Pillage | 1 | |
| Spiked Barricades | 2 | |
14 total
» buildings
| Altar of Storms | 3 | |
| Orc Burrow | 5 | |
| Barracks | 1 | |
| Stronghold | 2 | |
| Voodoo Lounge | 1 | |
| Fortress | 1 | |
| War Mill | 1 | |
| Watch Tower | 5 | |
| Beastiary | 1 | |
| Moon Well | 3 | |
23 total
» build order
00:25 Altar of Storms
00:48 Orc Burrow
01:54 Barracks
02:23 Orc Burrow
03:11 Stronghold
04:44 Voodoo Lounge
05:43 Fortress
06:30 Orc Burrow
07:58 War Mill
10:55 Watch Tower
12:16 Watch Tower
13:47 Watch Tower
21:18 Beastiary
24:06 Orc Burrow
27:26 Watch Tower
28:33 Watch Tower
32:16 Altar of Storms
32:44 Altar of Storms
35:06 Orc Burrow
42:26 Moon Well
43:18 Moon Well
43:26 Moon Well
» items
| Healing Salve | 3 | |
| Potion of Healing | 2 | |
| Orb of Lightning | 2 | |
| Scroll of Speed | 1 | |
| Boots of Speed | 1 | |
| Scroll of Town Portal | 2 | |
11 total
team 2 (winner)
FromOutONowhere (
pink | 71 APM | 3187 actions | 45:10)
10 Blood Mage
3 Flame Strike
3 Siphon Mana
1 Summon Phoenix
3 Banish
» actions
| Assign group hotkey | 287 | |
| Basic commands | 40 | |
| Build / train | 125 | |
| Enter build submenu | 53 | |
| Enter hero's abilities submenu | 10 | |
| Give item / drop item | 6 | |
| Remove unit from queue | 9 | |
| Right click | 1532 | |
| Select / deselect | 576 | |
| Select group hotkey | 287 | |
| Use ability | 262 | |
3187 total
» units
| Peasant | 18 | |
| Footman | 6 | |
| Sorceress | 4 | |
| Goblin Shredder | 1 | |
| Knight | 3 | |
| Dragonhawk Rider | 10 | |
| Goblin Sapper | 2 | |
| Gryphon Rider | 5 | |
49 total
» upgrades
| Masonry | 3 | |
| Lumber Harvesting | 2 | |
| Defend | 1 | |
| Sorceress Training | 1 | |
| Magic Sentry | 1 | |
| Plating | 2 | |
| Swords | 3 | |
| Animal War Training | 1 | |
| Armor | 3 | |
| Cloud | 1 | |
| Storm Hammers | 1 | |
19 total
» buildings
| Altar of Kings | 1 | |
| Barracks | 2 | |
| Farm | 13 | |
| Scout Tower | 23 | |
| Arcane Tower | 1 | |
| Arcane Vault | 1 | |
| Keep | 1 | |
| Town Hall | 4 | |
| Lumber Mill | 1 | |
| Guard Tower | 10 | |
| Arcane Sanctum | 1 | |
| Castle | 1 | |
| Blacksmith | 2 | |
| Gryphon Aviary | 3 | |
64 total
» build order
00:38 Altar of Kings
00:40 Barracks
00:55 Farm
01:06 Farm
01:13 Farm
01:20 Scout Tower
02:09 Arcane Tower
02:42 Arcane Vault
03:55 Keep
04:08 Town Hall
04:25 Scout Tower
04:27 Scout Tower
04:29 Scout Tower
04:49 Lumber Mill
05:44 Scout Tower
05:45 Scout Tower
05:49 Scout Tower
05:53 Farm
05:56 Farm
06:01 Guard Tower
07:20 Arcane Sanctum
07:24 Guard Tower
08:27 Guard Tower
08:41 Scout Tower
08:42 Scout Tower
08:48 Scout Tower
08:50 Scout Tower
09:18 Guard Tower
10:09 Guard Tower
10:12 Castle
11:15 Farm
11:56 Barracks
12:01 Blacksmith
12:06 Farm
12:06 Farm
12:16 Scout Tower
12:16 Scout Tower
12:16 Scout Tower
14:12 Guard Tower
14:14 Scout Tower
14:15 Scout Tower
14:54 Guard Tower
15:44 Farm
15:48 Gryphon Aviary
15:49 Gryphon Aviary
15:50 Gryphon Aviary
16:59 Farm
17:01 Farm
18:36 Blacksmith
21:18 Farm
22:36 Farm
26:49 Town Hall
27:04 Scout Tower
27:04 Scout Tower
27:05 Scout Tower
27:06 Scout Tower
27:06 Scout Tower
27:07 Scout Tower
27:50 Guard Tower
27:50 Guard Tower
29:42 Guard Tower
30:00 Town Hall
35:19 Town Hall
» items
| Scroll of Regeneration | 9 | |
| Boots of Speed | 1 | |
| Staff of Teleportation | 1 | |
| Potion of Invisibility | 3 | |
| Potion of Lesser Invulnerability | 1 | |
| Potion of Healing | 3 | |
| Potion of Mana | 1 | |
| Lesser Clarity Potion | 1 | |
| Scroll of Healing | 1 | |
| Scroll of Town Portal | 3 | |
24 total
IaMcRaZy (
red | 48 APM | 2175 actions | 45:08)
10 Paladin
3 Devotion Aura
3 Holy Light
3 Divine Shield
1 Resurrection
» actions
| Basic commands | 1 | |
| Build / train | 82 | |
| Enter build submenu | 15 | |
| Enter hero's abilities submenu | 11 | |
| Right click | 1598 | |
| Select / deselect | 376 | |
| Use ability | 92 | |
2175 total
» units
| Peasant | 11 | |
| Footman | 14 | |
| Spell Breaker | 17 | |
| Priest | 3 | |
| Knight | 1 | |
46 total
» upgrades
| Swords | 3 | |
| Plating | 3 | |
| Priest Training | 1 | |
| Control Magic | 1 | |
| Animal War Training | 1 | |
9 total
» buildings
| Altar of Kings | 1 | |
| Farm | 12 | |
| Barracks | 1 | |
| Arcane Vault | 1 | |
| Keep | 2 | |
| Lumber Mill | 1 | |
| Castle | 1 | |
| Arcane Sanctum | 2 | |
| Blacksmith | 1 | |
| Town Hall | 1 | |
23 total
» build order
00:24 Altar of Kings
00:40 Farm
00:54 Barracks
01:09 Farm
01:38 Farm
02:06 Farm
02:40 Arcane Vault
03:04 Farm
05:28 Keep
05:32 Lumber Mill
07:01 Farm
07:03 Farm
09:23 Castle
09:36 Arcane Sanctum
09:40 Arcane Sanctum
09:45 Blacksmith
10:50 Farm
10:51 Farm
10:52 Farm
10:53 Farm
10:54 Farm
24:57 Town Hall
31:37 Keep
» items
| Scroll of Regeneration | 2 | |
| Scroll of Town Portal | 1 | |
| Potion of Healing | 1 | |
4 total
hit2hard (
purple | 18 APM | 809 actions | 45:08)
7 Lich
3 Frost Nova
2 Frost Armor
1 Dark Ritual
1 Death and Decay
» actions
| Assign group hotkey | 5 | |
| Basic commands | 2 | |
| Build / train | 48 | |
| Enter build submenu | 20 | |
| Enter hero's abilities submenu | 7 | |
| Remove unit from queue | 1 | |
| Right click | 298 | |
| Select / deselect | 303 | |
| Select group hotkey | 74 | |
| Use ability | 51 | |
809 total
» units
| Acolyte | 2 | |
| Ghoul | 3 | |
| Crypt Fiend | 12 | |
| Obsidian Statue | 5 | |
| Gargoyle | 5 | |
27 total
» upgrades
| Destroyer Form | 1 | |
| Web | 1 | |
| Creature Attack | 2 | |
4 total
» buildings
| Graveyard | 1 | |
| Ziggurat | 9 | |
| Altar of Darkness | 1 | |
| Crypt | 2 | |
| Halls of the Dead | 1 | |
| Black Citadel | 1 | |
| Slaughterhouse | 2 | |
| Tomb of Relics | 1 | |
| Necropolis | 1 | |
19 total
» build order
00:20 Graveyard
00:29 Ziggurat
00:57 Altar of Darkness
01:14 Crypt
01:31 Crypt
01:54 Ziggurat
03:41 Ziggurat
05:24 Ziggurat
06:04 Halls of the Dead
07:31 Ziggurat
09:18 Black Citadel
09:23 Slaughterhouse
09:31 Slaughterhouse
10:49 Tomb of Relics
10:54 Ziggurat
10:56 Ziggurat
10:59 Ziggurat
11:03 Ziggurat
34:55 Necropolis
» items
| Potion of Mana | 2 | |
| Orb of Fire | 1 | |
| Potion of Healing | 1 | |
| Lesser Clarity Potion | 2 | |
6 total
Zabinski (
green | 22 APM | 1015 actions | 45:08)
6 Tauren Chieftain
3 Endurance Aura
2 War Stomp
1 Reincarnation
3 Shadow Hunter
2 Healing Wave
1 Hex
2 Goblin Alchemist
1 Chemical Rage
1 Acid Bomb
» actions
| Build / train | 68 | |
| Enter build submenu | 36 | |
| Enter hero's abilities submenu | 11 | |
| Remove unit from queue | 3 | |
| Right click | 454 | |
| Select / deselect | 389 | |
| Use ability | 54 | |
1015 total
» units
| Peon | 15 | |
| Grunt | 14 | |
| Troll Headhunter/Berserker | 6 | |
| Tauren | 3 | |
| Shaman | 3 | |
41 total
» upgrades
| Berserker Strength | 1 | |
| Melee Weapons | 1 | |
| Shaman Training | 2 | |
| Pillage | 1 | |
| Armor | 1 | |
| Berserker Upgrade | 1 | |
7 total
» buildings
| Altar of Storms | 5 | |
| Barracks | 2 | |
| Orc Burrow | 11 | |
| Stronghold | 2 | |
| War Mill | 2 | |
| Spirit Lodge | 1 | |
| Voodoo Lounge | 1 | |
| Fortress | 1 | |
| Tauren Totem | 1 | |
| Great Hall | 3 | |
| Watch Tower | 2 | |
31 total
» build order
00:08 Altar of Storms
00:14 Barracks
00:29 Orc Burrow
02:12 Orc Burrow
03:29 Orc Burrow
03:51 Stronghold
04:04 War Mill
05:59 Orc Burrow
06:31 Orc Burrow
08:04 Spirit Lodge
09:38 Voodoo Lounge
09:40 Fortress
10:52 Orc Burrow
12:02 Altar of Storms
13:26 Tauren Totem
16:16 Orc Burrow
20:03 Altar of Storms
24:03 Great Hall
26:30 Altar of Storms
26:37 Orc Burrow
27:51 Orc Burrow
28:03 Barracks
28:59 Orc Burrow
29:27 War Mill
32:24 Stronghold
32:30 Watch Tower
32:41 Orc Burrow
32:44 Watch Tower
33:44 Altar of Storms
39:34 Great Hall
43:11 Great Hall
» items
Chat log
(00:14 / Allies) hit2hard: hey
(00:18 / Allies) FromOutONowhere: hey babe
(00:20 / Allies) Zabinski: gentlemen
(00:22 / Allies) hit2hard: hola
(00:35 / Allies) hit2hard: whats the plan folks
(00:58 / Allies) Zabinski: expos then rush? if you guys want
(01:11 / Allies) hit2hard: i say just rush
(01:16 / Allies) Zabinski: alright then
(01:19 / Allies) Zabinski: meet up when ready
(01:26 / Allies) hit2hard: lets do 40 food rush
(03:09 / Allies) hit2hard: pumpin out fiends now
(04:40 / Allies) hit2hard: im just about ready guys
(04:43 / Allies) hit2hard: anyone ready?
(04:50 / Allies) Zabinski: almost
(04:54 / Allies) Zabinski: im all melee
(05:02 / Allies) Zabinski: as an fyi
(05:33 / Allies) hit2hard: okay im ready
(05:42 / Allies) hit2hard: meet
(05:45 / Allies) Zabinski: where do you guys want to meet?
(05:53 / Allies) Zabinski: kk
(06:12 / Allies) hit2hard: come pink
(06:39 / Allies) hit2hard: ugh...
(06:47 / Allies) Zabinski: ......
(06:49 / Allies) Zabinski: pink?
(06:51 / Allies) hit2hard: lets hit with 3
(06:52 / Allies) hit2hard: lets go
(06:54 / Allies) hit2hard: grunts first
(06:56 / Allies) hit2hard: pink
(06:59 / Allies) hit2hard: hit up when they tp
(07:14 / Allies) Zabinski: wait
(07:17 / Allies) Zabinski: red go around
(07:25 / Allies) Zabinski: hit their archers
(07:27 / Allies) Zabinski: after tp
(07:42 / Allies) hit2hard: gogogo
(10:04 / Allies) Zabinski: we done good
(11:42 / Allies) hit2hard: a couple peons got away
(11:45 / Allies) hit2hard: check to see if he expo
(12:44 / Allies) Zabinski: guess not
(13:40 / Allies) IaMcRaZy: web purp??
(13:49 / Allies) hit2hard: learning it now
(13:50 / Allies) hit2hard: half way
(14:14 / Allies) Zabinski: oj
(14:17 / Allies) Zabinski: ....noob much
(14:46 / Allies) Zabinski: hmm we need good aa
(14:51 / All) FromOutONowhere: lawl I tped :(
(15:10 / Allies) Zabinski: wood for gold??
(16:49 / All) disowner: fck u!
(17:18 / Allies) FromOutONowhere: gettind dwhawk
(17:35 / Allies) Zabinski: its fine lol
(17:46 / Allies) Zabinski: just someone get me a goldmine lol
(17:46 / All) FromOutONowhere: hahahahaha
(17:48 / All) FromOutONowhere: Hahahahahah
(17:49 / All) FromOutONowhere: hahahahaha
(18:03 / Allies) hit2hard: massing fiends
(18:06 / Allies) Zabinski: bitches think they're good
(18:50 / Allies) Zabinski: red careful
(18:53 / Allies) hit2hard: im gonna tp when they hit red
(19:03 / All) disowner: ty
(19:12 / Allies) Zabinski: pink?
(19:16 / Allies) Zabinski: could you get me this?
(20:10 / Allies) FromOutONowhere: dammit
(20:15 / Allies) FromOutONowhere: I wanted to surprise buttsex teal
(20:57 / Allies) IaMcRaZy: gold for hero
(21:09 / Allies) IaMcRaZy: ty
(21:47 / Allies) FromOutONowhere: red dont follow
(22:06 / Allies) hit2hard: how do you have invisibility all the time?
(22:17 / Allies) FromOutONowhere: priestesses
(22:22 / Allies) hit2hard: ah okay
(22:23 / Allies) FromOutONowhere: sorcereesses
(23:19 / All) iNoSpeak: Haahhahahhahahahaahaha
(23:34 / All) FromOutONowhere: you ain't good yellow
(23:44 / All) iNoSpeak: Hahahahahaha
(23:45 / All) FromOutONowhere: I was looking for teal
(23:51 / All) iNoSpeak: hahahahaha
(24:57 / Allies) FromOutONowhere: come with me purple
(25:00 / Allies) FromOutONowhere: we need to deny them expos
(25:13 / Allies) hit2hard: i need an expo haha
(25:21 / Allies) hit2hard: can you clear that for me please
(25:32 / Allies) Zabinski: i need a base lol.....
(25:36 / Allies) Zabinski: anyone got extra wood?
(25:48 / Allies) Zabinski: bless you my child
(25:54 / Allies) hit2hard: haha
(26:04 / All) FromOutONowhere: LUUUUL
(26:27 / All) FromOutONowhere: LOL
(26:27 / All) FromOutONowhere: LOL
(27:05 / Allies) Zabinski: once i get heros going ill help the cause
(27:09 / Allies) hit2hard: takes balls to expo there pink lmao
(27:23 / All) FromOutONowhere: raped yellow LOL
(27:26 / All) FromOutONowhere: NICE EXPANSION
(27:42 / All) FromOutONowhere: RAPED YELLOW YOU AIN'T GOOD LOL
(28:08 / All) FromOutONowhere: LOL
(28:10 / All) FromOutONowhere: DENIED
(28:20 / All) FromOutONowhere: YOU FAGGOT NERD
(28:39 / All) iNoSpeak: HAHAHA TROLOLOLOL
(28:44 / All) FromOutONowhere: I RULE OVER YOU
(28:46 / All) FromOutONowhere: I AM THE KING OF WARCRAFT
(28:53 / All) iNoSpeak: What a nerd thing to say lol
(29:00 / All) FromOutONowhere: NO IT'S A VERY MANLY THING TO SAY
(29:13 / Allies) Zabinski: bitches gunna hate pink
(30:46 / All) FromOutONowhere: HOW THE FUCK YOU AFFORD THAT SHIT
(30:50 / All) iNoSpeak: hack
(30:59 / All) FromOutONowhere: STOP TRADING GOLD THAT'S CHEATING
(32:44 / Allies) FromOutONowhere: we need ground units
(33:02 / All) FromOutONowhere: I MIGHT LOSE LAWL
(33:04 / All) FromOutONowhere: TANKS IMBA
(35:26 / All) FromOutONowhere: yOU AIN'T GONNA WIN
(35:31 / All) FromOutONowhere: MY WILL IS NOT TO BE DENIED
(35:41 / Allies) FromOutONowhere: kill altar
(35:43 / Allies) FromOutONowhere: tela's
(35:46 / Allies) hit2hard: go into yellow ill death and decay
(37:04 / Allies) Zabinski: gold for wood?????
(37:10 / Allies) Zabinski: other way around
(37:44 / All) FromOutONowhere: HAHAHAH
(37:46 / All) FromOutONowhere: HAHAHAH
(37:47 / All) FromOutONowhere: HAHAHA
(38:16 / All) FromOutONowhere: lol
(38:40 / Allies) FromOutONowhere: get a shop green
(38:55 / All) Gunba: gg guys
(40:03 / All) FromOutONowhere: yellow tried so hard lawl
(40:23 / All) FromOutONowhere: you bitch!
(40:24 / All) FromOutONowhere: YOU BITCH
(40:59 / All) FromOutONowhere: He's whispering me
(41:22 / All) FromOutONowhere: forgot I didn't have farm next to goblin mercs
(41:26 / All) FromOutONowhere: didn't matter since you're retarded
(41:50 / All) FromOutONowhere: he's talking about fucking my mother
(41:54 / All) FromOutONowhere: I can't reply
(42:04 / All) FromOutONowhere: good rage this
(42:42 / All) FromOutONowhere: if I ever get on his team he will for sure militia rush me
(44:54 / All) FromOutONowhere: better move green lawl!
(45:06 / All) FromOutONowhere: LOL